Map: The Vermillion Problem

Players

MattBarry

  • Race: Protoss Protoss
  • League: Gold
  • Spawn Location: 11:00

Alebay

  • Race: Protoss Protoss
  • Spawn Location: 11:00

VOD

Have the link to the VOD?

Description

Time

  • Played on: Jan. 25, 2023, 4:28 a.m.
  • Length: 35:36
Show
View Real Time Build Order
Export as new Build Order

MattBarry Protoss 

Build Orders:  

Get SALT Encoding   

  12  0:04  Probe (Chrono Boost)  
  13  0:18  Probe (Chrono Boost)  
  14  0:26  Pylon  
  14  0:32  Probe (Chrono Boost)  
  15  0:52  Probe (Chrono Boost)  
  16  1:03  Gateway  
  16  1:05  Probe (Chrono Boost)  
  17  1:13  Forge  
  17  1:22  Probe (Chrono Boost)  
  17  1:28  Assimilator  
  18  1:36  Probe (Chrono Boost)  
  20  1:50  Probe (Chrono Boost)  
  20  2:04  Probe (Chrono Boost)  
  21  2:15  Cybernetics Core  
  21  2:18  Pylon  
  21  2:21  Probe (Chrono Boost)  
  22  2:33  Photon Cannon  
  22  2:34  Probe (Chrono Boost)  
  23  2:48  Probe (Chrono Boost)  
  24  2:58  Pylon  
  24  3:02  Probe (Chrono Boost)  
  24  3:03  Pylon  
  24  3:08  Warp Gate  
  25  3:14  Gateway  
  25  3:28  Assimilator  
  25  3:52  Gateway  
  25  4:08  Pylon  
  25  4:30  Death Council  
  25  4:54  Gateway  
  25  4:56  Gateway  
  25  5:05  Robotics Facility  
  25  5:13  Probe (Chrono Boost)  
  25  5:17  Supplicant x4  
  34  5:25  Havoc  
  34  5:26  Probe (Chrono Boost)  
  36  5:40  Probe (Chrono Boost)  
  37  5:54  Probe (Chrono Boost)  
  38  6:08  Probe (Chrono Boost)  
  39  6:27  Supplicant x2  
  43  6:54  Pylon  
  43  6:59  Pylon  
  43  7:05  Probe (Chrono Boost)  
  44  7:14  Blood Shields  
  44  7:17  Vanguard  
  44  7:19  Probe (Chrono Boost)  
  45  7:31  Robotics Bay  
  45  7:33  Probe (Chrono Boost)  
  45  7:37  Supplicant x4  
  54  8:02  Slayer x2  
  58  8:14  Soul Augmentation  
  58  8:28  Nexus  
  58  8:50  Pylon  
  58  8:56  Protoss Air Weapons Level 1, Pylon, Protoss Ground Weapons Level 1  
  58  9:10  Forge  
  58  9:23  Probe (Chrono Boost)  
  59  9:37  Probe (Chrono Boost)  
  60  9:50  Probe (Chrono Boost)  
  61  10:04  Probe (Chrono Boost)  
  62  10:18  Probe (Chrono Boost)  
  63  11:01  Probe (Chrono Boost)  
  64  11:13  Gateway  
  64  11:15  Probe (Chrono Boost)  
  64  11:16  Gateway  
  64  11:19  Gateway  
  65  11:29  Probe (Chrono Boost)  
  70  11:30  Aerial Tracking  
  66  11:35  Robotics Bay  
  66  11:43  Probe (Chrono Boost)  
  65  11:57  Probe (Chrono Boost)  
  66  12:08  Robotics Facility  
  66  12:11  Robotics Facility, Probe (Chrono Boost)  
  67  12:21  Assimilator  
  67  12:23  Rapid Power Cycling, Protoss Shields Level 1  
  67  12:24  Assimilator  
  67  12:25  Probe (Chrono Boost)  
  67  12:26  Protoss Air Weapons Level 2, Protoss Ground Weapons Level 2  
  68  12:30  Fusion Mortars  
  69  12:40  Probe (Chrono Boost)  
  69  12:57  Probe (Chrono Boost)  
  70  13:11  Supplicant x8  
  70  13:12  Supplicant x4  
  70  13:14  Probe (Chrono Boost)  
  70  13:19  Matter Dispersion  
  95  13:20  Pylon  
  96  13:30  Pylon  
  96  13:31  Probe (Chrono Boost)  
  96  13:45  Pylon  
  96  13:48  Probe (Chrono Boost)  
  97  13:51  Pylon  
  97  14:04  Gateway  
  97  14:05  Probe (Chrono Boost)  
  97  14:08  Gateway  
  98  14:13  Gateway  
  98  14:15  Gateway  
  98  14:33  Robotics Facility  
  98  14:36  Robotics Facility  
  98  14:43  Supplicant x2  
  98  14:44  Supplicant x2  
  98  14:45  Supplicant x2  
  98  14:46  Supplicant x2  
  98  14:47  Supplicant x2  
  98  14:48  Supplicant x2  
  122  14:52  Supplicant x2  
  91  16:08  Warp Prism x2  
  69  16:35  Havoc  
  69  16:36  Havoc  
  69  16:42  Protoss Shields Level 2  
  69  16:47  Ascendant Archives  
  69  16:52  Ascendant Archives  
  69  16:58  Warp Prism  
  71  17:00  Slayer x2  
  71  17:01  Slayer x4  
  71  17:02  Slayer x2  
  71  17:04  Slayer x2  
  91  17:10  Protoss Ground Weapons Level 3, Protoss Air Weapons Level 3  
  91  17:41  Phasing Armor  
  91  17:49  Probe (Chrono Boost)  
  92  17:58  Wraithwalker x2  
  104  18:05  Mind Blast  
  104  18:06  Probe (Chrono Boost)  
  106  18:23  Probe (Chrono Boost)  
  106  18:26  Ascendant  
  108  18:33  Supplicant x6  
  108  18:34  Supplicant x4  
  108  18:36  Supplicant x2  
  133  18:40  Probe (Chrono Boost)  
  133  18:57  Probe (Chrono Boost)  
  133  18:59  Pylon  
  134  19:03  Pylon  
  134  19:06  Pylon  
  134  19:10  Pylon  
  134  19:13  Pylon  
  134  19:16  Pylon  
  134  19:39  Havoc x2  
  136  19:40  Havoc  
  136  19:41  Slayer  
  136  19:42  Slayer x3  
  136  19:45  Ascendant  
  147  19:52  Supplicant x4  
  137  21:16  Ascendant  
  137  21:17  Ascendant x3  
  143  21:21  Supplicant x6  
  143  21:22  Supplicant x4  
  143  21:23  Supplicant x4  
  143  21:24  Supplicant x2  
  175  21:58  Wraithwalker  
  181  22:09  Warp Prism  
  181  22:15  Pylon  
  181  22:20  Pylon  
  181  22:24  Pylon  
  181  22:26  Pylon  
  181  22:38  Photon Cannon  
  181  22:40  Wraithwalker  
  181  22:44  Photon Cannon  
  167  24:52  Supplicant x4  
  167  24:53  Supplicant x6  
  167  24:54  Supplicant x6  
  175  26:00  Slayer  
  175  26:04  Wraithwalker x3  
  195  28:39  Probe (Chrono Boost)  
  182  28:53  Warp Prism  
  182  28:56  Probe (Chrono Boost)  
  169  29:06  Slayer x2  
  169  29:07  Slayer x5  
  169  29:08  Slayer x3  
  179  30:37  Pylon  
  179  30:42  Pylon  
  179  30:45  Slayer x4  
  179  30:46  Slayer x3  
  172  32:29  Wraithwalker x2  
  166  33:51  Havoc  
  166  33:53  Slayer x4  
  166  33:54  Slayer x4  
  166  33:55  Slayer x2  
Show
View Real Time Build Order
Export as new Build Order

Alebay Protoss 

Build Orders:  

Get SALT Encoding   

  12  0:02  Probe (Chrono Boost)  
  13  0:16  Probe (Chrono Boost)  
  14  0:26  Pylon  
  14  0:30  Probe (Chrono Boost)  
  15  0:43  Probe (Chrono Boost)  
  16  0:55  Gateway  
  16  0:56  Probe (Chrono Boost)  
  16  0:58  Forge  
  17  1:09  Probe (Chrono Boost)  
  18  1:20  Assimilator  
  18  1:22  Probe (Chrono Boost)  
  19  1:35  Cybernetics Core, Probe (Chrono Boost)  
  19  1:37  Twilight Council  
  20  1:48  Probe (Chrono Boost)  
  21  1:51  Pylon  
  21  2:01  Probe (Chrono Boost)  
  21  2:09  Legionnaire  
  25  2:16  Probe (Chrono Boost)  
  26  2:29  Probe (Chrono Boost)  
  27  2:34  Assimilator  
  27  2:40  Legionnaire  
  27  2:44  Probe (Chrono Boost)  
  31  2:54  Pylon  
  31  2:57  Probe (Chrono Boost)  
  32  3:02  Psionic Projection  
  32  3:03  Warp Gate  
  32  3:13  Probe (Chrono Boost)  
  33  3:22  Kaldalis' A.I. Personality  
  33  3:30  Adept  
  35  3:49  Purifier Armaments  
  35  3:53  Empowered Blades  
  35  4:03  Gateway  
  35  4:05  Gateway  
  35  4:23  Adept  
  37  4:46  Charge  
  37  4:53  Pylon  
  37  4:54  Pylon  
  37  4:56  Pylon  
  37  4:59  Adept  
  39  5:09  Protoss Ground Weapons Level 1  
  39  5:22  Legionnaire x2  
  39  5:24  Adept  
  47  5:42  Pylon  
  47  5:47  Pylon  
  47  6:01  Adept x2  
  51  6:31  Legionnaire x2  
  57  6:52  Talis' A.I. Personality  
  57  7:01  Pylon  
  57  7:13  Adept x2  
  57  7:14  Protoss Ground Armor Level 1  
  61  7:25  Probe (Chrono Boost)  
  61  7:29  Adept  
  64  7:53  Legionnaire  
  64  7:55  Adept  
  69  8:18  Adept x2  
  69  8:19  Adept  
  75  8:40  Debilitation System  
  75  9:09  Nexus  
  75  9:29  Forge  
  75  9:37  Gateway  
  75  9:40  Observation Protocol  
  75  9:44  Adept  
  75  9:45  Adept  
  79  9:52  Pylon  
  70  10:30  Protoss Ground Weapons Level 2  
  70  10:41  Adept  
  70  10:42  Adept x2  
  76  10:50  Probe (Chrono Boost)  
  77  11:02  Protoss Ground Armor Level 2  
  77  11:03  Probe (Chrono Boost)  
  78  11:15  Probe (Chrono Boost)  
  78  11:16  Probe (Chrono Boost)  
  80  11:28  Probe (Chrono Boost)  
  80  11:29  Probe (Chrono Boost)  
  82  11:41  Probe (Chrono Boost)  
  82  11:42  Probe (Chrono Boost)  
  84  11:54  Probe (Chrono Boost)  
  84  11:55  Probe (Chrono Boost)  
  86  12:07  Probe (Chrono Boost)  
  86  12:08  Assimilator, Probe (Chrono Boost)  
  88  12:12  Assimilator  
  88  12:13  Legionnaire x3  
  88  12:14  Legionnaire  
  88  13:04  Adept x2  
  88  13:05  Adept x2  
  88  13:08  Probe x2 (Chrono Boost)  
  98  13:21  Probe x2 (Chrono Boost)  
  98  13:24  Pylon  
  98  13:26  Pylon  
  98  13:29  Pylon  
  100  13:32  Pylon  
  100  13:34  Probe x2 (Chrono Boost)  
  102  13:45  Adept x2  
  102  13:46  Adept  
  108  14:06  Protoss Ground Weapons Level 3  
  108  14:12  Protoss Shields Level 1  
  108  14:36  Probe x2 (Chrono Boost)  
  110  14:49  Probe (Chrono Boost)  
  112  14:57  Probe (Chrono Boost)  
  112  15:00  Legionnaire  
  112  15:01  Legionnaire x3  
  112  15:02  Probe (Chrono Boost)  
  102  16:01  Legionnaire x2  
  102  16:02  Legionnaire x2  
  107  16:21  Protoss Ground Armor Level 3  
  99  16:38  Adept x2  
  99  16:39  Legionnaire, Adept  
  106  16:49  Gateway  
  106  16:50  Gateway  
  106  16:53  Gateway  
  99  17:27  Adept x4  
  101  17:30  Protoss Shields Level 2  
  101  18:07  Legionnaire x3  
  101  18:08  Legionnaire x3  
  119  18:42  Legionnaire x2  
  119  18:43  Legionnaire x5  
  140  18:53  Pylon  
  140  18:55  Pylon  
  140  18:58  Pylon  
  140  19:01  Pylon  
  77  19:56  Legionnaire x2  
  77  19:57  Legionnaire, Adept x2  
  77  19:58  Adept x2  
  72  20:26  Adept x5  
  72  20:27  Adept x2  
  78  20:49  Protoss Shields Level 3  
  72  21:01  Legionnaire x3  
  72  21:02  Legionnaire x2  
  72  21:03  Legionnaire x2  
  93  21:26  Stargate  
  93  21:28  Stargate  
  93  21:32  Stargate  
  93  21:35  Fleet Beacon  
  93  21:48  Probe x2 (Chrono Boost)  
  95  21:53  Adept x4  
  95  21:54  Adept x3  
  109  22:05  Probe x2 (Chrono Boost)  
  88  22:46  Adept x3  
  88  22:47  Adept x2  
  88  22:48  Adept x2  
  102  22:53  Carrier x2  
  102  22:57  Graviton Catapult  
  102  23:02  Carrier  
  94  23:56  Adept  
  94  23:57  Adept x3  
  94  23:58  Adept x3  
  104  24:11  Protoss Air Weapons Level 1  
  104  24:36  Carrier x2  
  104  24:39  Cybernetics Core  
  116  25:01  Clolarion's A.I. Personality  
  116  25:02  Carrier  
  122  25:17  Adept x2  
  122  25:18  Adept x5  
  122  26:18  Legionnaire  
  122  26:19  Legionnaire x5  
  134  26:20  Legionnaire, Protoss Air Armor Level 1  
  120  26:40  Carrier x2  
  128  26:51  Adept x5  
  128  26:52  Adept x2  
  142  27:18  Adept x3  
  142  27:19  Adept x4  
  156  28:06  Carrier  
  162  28:21  Pylon  
  162  28:24  Pylon x2  
  162  28:25  Pylon  
  162  28:27  Legionnaire x2  
  162  28:28  Legionnaire x2  
  174  28:46  Carrier  
  174  29:13  Protoss Air Armor Level 2  
  165  29:40  Carrier  
  148  29:50  Legionnaire x4  
  148  29:51  Legionnaire  
  148  29:52  Adept x2  
  161  30:05  Carrier  
  147  31:22  Legionnaire x5  
  147  31:23  Legionnaire x2  
  168  31:39  Protoss Air Weapons Level 2  
  168  32:13  Adept x5  
  168  32:14  Adept x2  
  176  32:47  Adept x4  
  176  32:48  Adept x3  
  173  33:47  Pylon  
  173  33:49  Legionnaire x3, Pylon  
  176  33:52  Pylon  
  176  33:55  Pylon  
  176  33:58  Pylon  
  176  33:59  Pylon  
  176  34:01  Pylon  
Tags
 
Commander
AlarakFenix
League
Gold
Matchup
Co-op
Replay Pack
Multiplayer
Add a new tag
Caveats
  • Supply blocks, unpowered buildings, or Contaminate may cause inaccurate times.
  • Supply counts are checked every 10 seconds.